 Dungeon Crawl Stone Soup version 0.31.0-11-ge490571c62 (webtiles) character file.

Game seed: 10300778341559088454

112 howech the Changeling (level 4, -1/29 HPs)
             Began as an Octopode Shapeshifter on Feb 5, 2024.
             Slain by a gnoll
             ... wielding a +0 spear
              (10 damage)
             ... on level 3 of the Dungeon.
             The game lasted 00:06:36 (2243 turns).

howech the Changeling (Octopode Shapeshifter)       Turns: 2243, Time: 00:06:37

Health: -1/29      AC:  1    Str: 13    XL:     4   Next: 93%
Magic:  4/4        EV: 13    Int: 12    God:
Gold:   180        SH:  0    Dex: 13    Spells: 3/3 levels left

rFire   . .          .
                       - Unarmed
rCold   . . .        (no shield)
rNeg    . . .        (helmet currently unavailable)
rPois   .            (no amulet)
rElec   .            (no ring)
rCorr   .            (no ring)
SInv    .            (no ring)
Will    .....        (no ring)
Stlth   +++          (no ring)
HPRegen 0.24/turn    (no ring)
MPRegen 0.09/turn    (no ring)
                     (no ring)

%: no passive effects
@: beast-form
A: beast (slay +2), almost no armour, amphibious, 8 rings, camouflage 1,
gelatinous body 1, (nimble swimmer 1), tentacles
a: Begin Untransformation


You were on level 3 of the Dungeon.
You were a hulking beast.
You visited 1 branch of the dungeon, and saw 3 of its levels.

You collected 180 gold pieces.

Inventory:

Missiles
 e - 9 javelins (quivered)
Jewellery
 d - an amulet of magic regeneration
 p - a ring of magical power
Talismans
 b - a beast talisman
 c - a flux talisman
Scrolls
 f - 2 scrolls of fear {unknown}
 g - a scroll of poison {unknown}
 h - 2 scrolls of revelation {unknown}
 i - a scroll of blinking {unknown}
 j - a scroll of enchant armour {unknown}
 k - a scroll of fog {unknown}
 m - a scroll of vulnerability {unknown}
 o - 2 scrolls of identify {unknown}
 q - a scroll of torment {unknown}
Potions
 a - a potion of lignification
 l - 2 potions of resistance {unknown}
 n - a potion of heal wounds {unknown}
 r - a potion of haste {unknown}
 s - a potion of ambrosia {unknown}


   Skills:
 + Level 1.9 Fighting
 + Level 1.1 Staves
 + Level 2.5 Dodging
 + Level 2.1 Stealth
 + Level 3.3 Unarmed Combat
 * Level 3.8 Shapeshifting


You had 3 spell levels left.
You didn't know any spells.
Your spell library contained the following spells:

 Spells                   Type           Power      Damage    Failure   Level
 Inner Flame              Hex/Fire       0%         N/A       69%         3
 Flame Wave               Conj/Fire      0%         2d4       97%         4
 Sticky Flame             Fire/Alch      0%         2d4       97%         4


Dungeon Overview and Level Annotations

Branches:
Dungeon (3/15)

Altars:
Zin

Shops:
D:2 (


Innate Abilities, Weirdness & Mutations

You are a hulking beast.
Your limbs bulge with bestial killing power. (Slay +2)
You cannot wear most types of armour.
You are amphibious.
You can wear up to eight rings at the same time.
Your skin changes colour to match your surroundings (Stealth+).
Your rubbery body absorbs attacks. (AC +1, EV +1)
((You are camouflaged when in or above water. (Stealth+)))
You have tentacles for arms and can constrict up to eight enemies at once.


Message History

You tentacle-slap the gnoll. You grab the gnoll. You squeeze the gnoll.
The gnoll is moderately wounded.
You constrict the gnoll, but do no damage.
The gnoll hits you with a +0 whip.
You tentacle-slap the gnoll. You squeeze the gnoll.
The gnoll is severely wounded.
You constrict the gnoll, but do no damage.
The gnoll closely misses you.
You tentacle-slap the gnoll.
You kill the gnoll!
Things that are here:
a +0 whip; a gnoll corpse HP restored.
Done exploring.
Unknown command.
There is a stone staircase leading down here.
There is an escape hatch in the floor here.
There is a stone staircase leading down here.
You climb downwards.
There is a stone staircase leading up, spattered with blood here.
You see here a +0 dagger.
There are no items here.
There are no items here.
The gnoll attacks as it pursues you!
The gnoll hits you from afar with a +0 spear.
The gnoll misses you.
You barely miss the gnoll. You grab the gnoll. You constrict the gnoll.
The gnoll hits you with a +0 spear!
You tentacle-slap the gnoll.
The gnoll is severely wounded.
You constrict the gnoll, but do no damage.
The gnoll hits you from afar with a +0 spear.
The gnoll closely misses you.
You completely miss the gnoll.
The gnoll is severely wounded.
You constrict the gnoll. The gnoll barely misses you.
The gnoll hits you with a +0 spear!
You release your grip on the gnoll.
The gnoll closely misses you. The gnoll hits you with a +0 spear!
You die...

....## #....# #.#.######....
.....## #.#..###.......##....
......# ###.....####.<....#....
......#####.#.....# #...........
............#..(..# #...........
.....^#####.......####.....).....
....).....................).#....
.....######..#.g.#####.......####
....## ##.##.#hg####...†...#
##### #...g.##............# #
#...###...####....†##
##########..###...######...##
........##g.....#..[......##
#######......####.........# ..#
#..#................#
..#####..#...........##.#.#######
.........#..###......##.#........


You could see 2 gnolls.

Vanquished Creatures
  3 adders (D:2)
  2 gnolls
  A ribbon worm (D:3)
  3 dart slugs
  3 orcs (D:3)
  3 ball pythons
  4 bats
  3 endoplasms (D:2)
  2 giant cockroaches
  2 goblins
  8 hobgoblins
  4 jackals (D:1)
  3 quokkas
  A frilled lizard (D:2)
  4 kobolds
  3 rats (D:2)
49 creatures vanquished.

Notes
Turn   | Place    | Note
-------+----------+-------------------------------------------
     0 | D:1      | howech the Octopode Shapeshifter began the quest for the
                  | Orb.
     0 | D:1      | Reached XP level 1. HP: 13/13 MP: 1/1
    44 | D:1      | Reached XP level 2. HP: 17/18 MP: 2/2
   277 | D:1      | Reached skill level 1 in Stealth
   511 | D:2      | Found Ekhleguo's Weapon Shoppe.
   647 | D:2      | Reached XP level 3. HP: 21/23 MP: 3/3
   982 | D:2      | Reached XP level 4. HP: 25/28 MP: 4/4
  1072 | D:2      | Found a glowing silver altar of Zin.
  1319 | D:2      | Reached skill level 1 in Staves
  2243 | D:3      | Slain by a gnoll

Illustrated notes

Levels and vault maps discovered:
D:1:      orjb1_clovarrival, layout_rooms
D:2:      layout_basic, serial_co_window_serial, co_window_paths_a,
          co_window_corner_a, co_window_paths_b, co_window_paths_a,
          co_window_paths_a, co_window_paths_b, co_window_broadway_b,
          co_window_corner_b, co_window_cross_4, co_window_paths_c,
          co_window_of_opportunity_c, co_window_paths_d, glass_columns_a,
          serial_shops, shop, basic_altar
D:3:      layout_rooms

Skill      XL: |  1  2  3  4 |
---------------+-------------+-----
Stealth        | 1 2 |  2.1
Staves         | 1 |  1.1
Fighting       | |  1.9
Dodging        | |  2.5
Unarmed Combat | |  3.3
Shapeshifting  | |  3.8

Action                     |  1- 3 |  4- 6 || total
---------------------------+-------+-------++-------
  Melee: Unarmed           |    50 |    52 ||   102
         Constrict         |    11 |    17 ||    28
         Tentacles         |     6 |    10 ||    16
         Punch             |       |     4 ||     4
   Stab: Sleeping          |     1 |     3 ||     4
 Armour: Skin              |    23 |    24 ||    47
  Dodge: Dodged            |    38 |    27 ||    65
